 Dungeon Crawl Stone Soup version 0.18.1-6-gd335043 (webtiles) character file.

1812 MTVSty1e the Skirmisher (level 8, -4/73 HPs)
             Began as a Green Draconian Berserker on May 16, 2016.
             Was a Priest of Trog.
             Slain by a killer bee (9 damage)
             ... on level 7 of the Dungeon.
             The game lasted 00:19:30 (5123 turns).

MTVSty1e the Skirmisher (Green Draconian Berserker) Turns: 5123, Time: 00:19:31

Health: -4/73      AC:  6    Str: 22    XL:     8   Next: 84%
Magic:  3/3        EV: 14    Int:  8    God:    Trog [***...]
Gold:   224        SH:  0    Dex: 10    Spells: 0 memorised, 7 levels left

rFire  . . .     SeeInvis .     o - +1 war axe (antimagic)
rCold  . . .     Gourm    .     (armour unavailable)
rNeg   . . .     Faith    .     (no shield)
rPois  +         Spirit   .     (helmet restricted)
rElec  .         Dismiss  .     (no cloak)
rCorr  .         Reflect  .     (no gloves)
SustAt .         Harm     .     (no boots)
MR     .....                    (no amulet)
Stlth  ++........               (no ring)
                                (no ring)

@: lethally poisoned (-4 -> -7), exhausted, short of breath, very slightly
contaminated, slowed, very slow, not resistant to hostile enchantments,
unstealthy
A: breathe noxious fumes, unfitting armour, poison resistance, cold-blooded, AC
+6
a: Breathe Noxious Fumes, Berserk, Trog's Hand, Burn Spellbooks, Renounce
Religion


You were on level 7 of the Dungeon.
You worshipped Trog.
Trog was most pleased with you.
You were not hungry.

You visited 1 branch of the dungeon, and saw 7 of its levels.

You collected 224 gold pieces.

Inventory:

Hand Weapons
 a - a +0 hand axe
 o - a +1 antimagic war axe (weapon)
Missiles
 l - 3 tomahawks (quivered)
Wands
 m - a wand of polymorph (12/24)
Scrolls
 i - 2 scrolls of fog
 q - 3 scrolls of identify
 r - 2 scrolls of enchant armour
Potions
 f - a potion of brilliance {unknown}
 j - 2 potions of berserk rage
 k - 3 potions of lignification {unknown}
 p - a potion of magic {unknown}
 s - a potion of might {unknown}
Comestibles
 b - 2 bread rations
 g - 4 meat rations
 h - 2 slices of pizza
 n - 2 fruits


   Skills:
 * Level 7.1 Fighting
 * Level 5.8 Axes
 + Level 7.0 Dodging
 * Level 3.6 Stealth
 * Level 2.4 Evocations


You had 7 spell levels left.
You didn't know any spells.

Dungeon Overview and Level Annotations

Branches:
Dungeon (7/15)             Temple (0/1) D:5

Altars:
Kikubaaqudgha
Okawaru
Ru
Sif Muna
Xom
The Shining One


Innate Abilities, Weirdness & Mutations

You can breathe blasts of noxious fumes.
Your lurid green scales are hard (AC +6).
Your body does not fit into most forms of armour.
Your system is resistant to poisons.
You are cold-blooded and may be slowed by cold attacks.


Message History

The killer bee stings you but does no damage.
The killer bee stings you.
* * * LOW HITPOINT WARNING * * *
The killer bee stings you.
* * * LOW HITPOINT WARNING * * *
The killer bee stings you but does no damage. x2
Press: ? - help, Shift-Dir - straight line, f - killer bee
Aim: a killer bee You exhale a blast of noxious fumes.
The blast of choking fumes misses the killer bee.
You feel somewhat more hungry. The killer bee stings you.
* * * LOW HITPOINT WARNING * * *
The killer bee misses you.
The killer bee is engulfed in noxious fumes.
The killer bee appears confused.
The killer bee stings you.
* * * LOW HITPOINT WARNING * * *
You are poisoned.
The killer bee poisons you! The killer bee closely misses you.
The killer bee completely misses you. The killer bee stings you!
You die...

#.#...#.#.#.....###.#.#.###...###
.................................
#.#.............##..#.#.###...###
#.#.#(#.###.....##..#...########
#.#.#.#.# #.....##..#....##....##
#.#.#.#.###.....##...............
...............###.##....##....##
....#.#.######..##.##....##....#
###...#.# ##y@y§##....##....#
#.###.# #.y..##....####### #.#
#.# #....##....# #.# #.#
#.##.####### #.# ... #.##.# #.#
##+ #.##.# ... #..#.# .#. ##.#.#
#.#y#


You could see 3 killer bees.

Vanquished Creatures
  Grinder (D:3)
  Sigmund (D:2)
  A sky beast (D:5)
  3 phantoms
  An ogre (D:5)
  A giant frog (D:6)
  A scorpion (D:5)
  7 killer bees (D:7)
  A howler monkey (D:5)
  4 crimson imps
  A hound (D:4)
  2 giant frog skeletons (D:4)
  An iguana (D:7)
  Ijyb (D:3)
  Jessica (D:2)
  Terence (D:2)
  2 worker ants
  A killer bee zombie (D:5)
  3 hound skeletons
  A worker ant zombie (D:4)
  3 adders (D:2)
  2 oozes
  An adder skeleton (D:6)
  A worm (D:2)
  2 dart slugs (D:2)
  A giant gecko (D:4)
  2 orcs
  4 giant cockroaches
  4 goblins
  10 hobgoblins
  8 jackals
  4 quokkas
  2 ball pythons
  7 bats
  2 giant newts (D:1)
  A jackal zombie (D:4)
  10 kobolds
  8 rats
107 creatures vanquished.

Vanquished Creatures (others)
  An ooze (D:7)
  A jackal (D:7)
2 creatures vanquished.

Grand Total: 109 creatures vanquished

Notes
Turn   | Place    | Note
--------------------------------------------------------------
     0 | D:1      | MTVSty1e the Draconian Berserker began the quest for the Orb.
     0 | D:1      | Reached XP level 1. HP: 19/19 MP: 1/1
    91 | D:1      | Reached XP level 2. HP: 16/26 MP: 2/2
   410 | D:1      | Reached ** piety under Trog
   613 | D:2      | Noticed Terence
   621 | D:2      | Killed Terence
   621 | D:2      | Reached XP level 3. HP: 21/33 MP: 3/3
   845 | D:2      | Noticed Sigmund
   854 | D:2      | Reached XP level 4. HP: 40/40 MP: 4/4
   856 | D:2      | Killed Sigmund
   856 | D:2      | Reached XP level 5. HP: 47/47 MP: 5/5
  1148 | D:2      | Noticed Jessica
  1154 | D:2      | Killed Jessica
  1154 | D:2      | Reached XP level 6. HP: 44/55 MP: 6/6
  1396 | D:3      | Noticed Grinder
  1406 | D:3      | Paralysed by Grinder for 4 turns
  1429 | D:3      | Killed Grinder
  1429 | D:3      | Reached skill level 5 in Fighting
  1429 | D:3      | Reached skill level 5 in Dodging
  1429 | D:3      | Reached skill level 1 in Stealth
  1655 | D:3      | Noticed Ijyb
  1674 | D:3      | Killed Ijyb
  1674 | D:3      | Your scales start taking on a lurid green colour.
  1674 | D:3      | Reached XP level 7. HP: 61/61 MP: 7/7
  1674 | D:3      | Gained mutation: Your system is resistant to poisons. [Green Draconian growth]
  2391 | D:4      | Found a shimmering altar of Xom.
  2987 | D:5      | Entered Level 5 of the Dungeon
  3067 | D:5      | Reached skill level 5 in Axes
  3067 | D:5      | Reached skill level 1 in Evocations
  3211 | D:5      | Reached XP level 8. HP: 63/70 MP: 2/8
  3349 | D:5      | Found a staircase to the Ecumenical Temple.
  3486 | D:5      | Reached *** piety under Trog
  3912 | D:6      | Found an ancient bone altar of Kikubaaqudgha.
  3968 | D:6      | Found a sacrificial altar of Ru.
  4015 | D:6      | Found a glowing golden altar of the Shining One.
  4133 | D:6      | Found an iron altar of Okawaru.
  4298 | D:6      | Found an iron altar of Okawaru.
  4300 | D:6      | Found a deep blue altar of Sif Muna.
  5118 | D:7      | HP: 3/73 [killer bee (4)]
  5123 | D:7      | Slain by a killer bee

Skill      XL: |  1  2  3  4  5  6  7  8 |
---------------+-------------------------+-----
Dodging        | 3 4 5 6 7 |  7.0
Fighting       | 4 5 7 |  7.1
Axes           | 4 5 |  5.8
Stealth        | 1 2 3 |  3.6
Evocations     | 1 2 |  2.4

Action                   |  1- 3 |  4- 6 |  7- 9 || total
-------------------------+-------+-------+-------++-------
Melee: Hand axe          |    78 |    77 |   128 ||   283
       Tailslap          |     5 |    16 |    36 ||    57
       Scythe            |       |    10 |       ||    10
       War axe           |       |       |   162 ||   162
Invok: Berserk           |     3 |     1 |     2 ||     6
       Trog's Hand       |     1 |       |     4 ||     5
 Abil: Breathe Noxious F |       |       |     3 ||     3
  Use: Scroll            |     3 |     5 |     5 ||    13
       Potion            |       |     1 |     3 ||     4
 Stab: Sleeping          |       |     1 |       ||     1
       Invisible         |       |       |     1 ||     1
  Eat: Bread ration      |     1 |       |     2 ||     3
       Meat ration       |       |     1 |     1 ||     2
Armor: Skin              |    28 |    28 |    94 ||   150
Dodge: Dodged            |    60 |    83 |   271 ||   414
